 Dungeon Crawl Stone Soup version 0.31-a0-145-g046c7d2549 (webtiles) character file.

Game seed: 9436578371109742751

547 promet the Magician (level 7, -10/40 HPs)
             Began as a Deep Elf Hedge Wizard on June 6, 2023.
             Was an Initiate of Dithmenos.
             Mangled by Duvessa
             ... wielding a +0 short sword
              (12 damage)
             ... on level 5 of the Dungeon.
             The game lasted 00:35:22 (7245 turns).

promet the Magician (Deep Elf Hedge Wizard)         Turns: 7245, Time: 00:35:23

Health: -10/40     AC:  7    Str:  7    XL:     7   Next: 7%
Magic:  9/18       EV: 12    Int: 21    God:    Dithmenos [......]
Gold:   34         SH:  0    Dex: 14    Spells: 13/19 levels left

rFire   . . .        c - +2 spear (venom)
rCold   . . .        (no shield)
rNeg    + . .        k - +0 leather armour
rPois   .            t - +0 hat
rElec   .            g - +1 cloak
rCorr   .            n - +1 pair of gloves
SInv    .            (no boots)
Will    .....        (no amulet)
Stlth   ++           l - ring of positive energy
HPRegen 0.26/turn    (no ring)
MPRegen 0.16/turn

%: no passive effects
@: on blink cooldown, very slightly contaminated
A: no striking features
a: Renounce Religion


You were on level 5 of the Dungeon.
You worshipped Dithmenos.
Dithmenos was noncommittal.
You visited 1 branch of the dungeon, and saw 5 of its levels.

You collected 173 gold pieces.
You spent 139 gold pieces at shops.

Inventory:

Hand Weapons
 a - a +2 falchion of draining
 b - a +0 longbow
 c - a +2 spear of venom (weapon)
 e - a +0 dagger
 f - a +0 quarterstaff
 z - a +0 sling
Missiles
 i - 44 stones
 m - 8 boomerangs
 s - 9 poisoned darts (quivered)
 y - a throwing net
Armour
 g - a +1 cloak (worn)
 k - a +0 leather armour (worn)
 n - a +1 pair of gloves (worn)
 t - a +0 hat (worn)
Jewellery
 l - a ring of positive energy (left hand)
Wands
 p - a wand of mindburst (9)
 q - a wand of polymorph (6)
 r - a wand of flame (20)
Scrolls
 o - 2 scrolls of identify
Potions
 d - a potion of magic
 h - 2 potions of curing
 j - a potion of brilliance
 u - 3 potions of heal wounds
 v - a potion of cancellation {unknown}
 x - a potion of mutation {unknown}


   Skills:
 * Level 2.6 Fighting
 + Level 1.6 Long Blades
 + Level 0.2 Polearms
 + Level 0.4 Ranged Weapons
 + Level 0.4 Throwing
 + Level 1.8 Armour
 + Level 3.1 Dodging
 + Level 2.8 Stealth
 + Level 6.6 Spellcasting
 + Level 1.9 Conjurations
 + Level 0.7 Hexes
 + Level 3.1 Summonings
 + Level 1.2 Translocations


You had 13 spell levels left.
You knew the following spells:

 Your Spells              Type           Power      Damage    Failure   Level
a - Magic Dart            Conj           60%        1d6       6%          1
b - Blink                 Tloc           24%        N/A       12%         2
c - Call Imp              Summ           40%        N/A       5%          2
d - Slow                  Hex            40%        N/A       10%         1

Your spell library contained the following spells:

 Spells                   Type           Power      Damage    Failure   Level
 Momentum Strike          Conj/Tloc      26%        3d8       11%         2
 Lesser Beckoning         Tloc           24%        N/A       12%         2
 Freeze                   Ice            24%        1d4       14%         1
 Cigotuvi's Dreadful Rot  Necr/Pois/Air  12%        N/A       21%         2
 Hailstorm                Conj/Ice       11%        3d5       26%         3
 Portal Projectile        Hex/Tloc       22%        N/A       26%         3
 Confusing Touch          Hex            10%        N/A       28%         3
 Tukima's Dance           Hex            10%        N/A       28%         3
 Mephitic Cloud           Conj/Pois/Air  9%         N/A       30%         3
 Frozen Ramparts          Ice            12%        1d2       38%         3
 Vampiric Draining        Necr           6%         2d6       38%         3
 Blade Hands              Tmut           3%         N/A       98%         5


Dungeon Overview and Level Annotations

Branches:
Dungeon (5/15)
 Temple: D:4-7

Altars:
Dithmenos
Okawaru
The Shining One

Shops:
D:4 ![   D:5 ([

Annotations:
D:4 2 transporters, TrollFarmer's ghost, amateur GrEE
D:5 Duvessa


Message History

Your cerulean imp hits Duvessa but does no damage.
Duvessa hits your cerulean imp with a +0 short sword!
Your cerulean imp dies!
Your cerulean imp disappears in a puff of smoke!
Casting: Call Imp (safe; 5% risk of failure)
Confirm with . or Enter, or press ? or * to list all spells.
Aiming: Slow (safe; 10% risk of failure)
Press: ? - help, Shift-Dir - straight line, f - Duvessa
Aim: Duvessa, wielding a +0 short sword, wearing a +0 leather armour and quivering javelins (lightly wounded, berserk, chance to affect: 27%) Duvessa easily resists.
Casting: Slow (safe; 10% risk of failure)
Confirm with . or Enter, or press ? or * to list all spells.
A tiny devil pulls itself out of the air.
Duvessa closely misses you.
Your +2 spear of venom begins to drip with poison!
c - a +2 spear of venom (weapon)
Duvessa hits you with a +0 short sword!
You barely miss Duvessa.
Duvessa is lightly wounded.
Duvessa hits you with a +0 short sword!
Your cerulean imp hits Duvessa but does no damage.
Casting: Call Imp (safe; 5% risk of failure)
Confirm with . or Enter, or press ? or * to list all spells.
You miscast Blink.
You are very lightly contaminated with residual magic.
Nothing appears to happen.
Duvessa hits you with a +0 short sword!
* * * LOW HITPOINT WARNING * * *
Your cerulean imp hits Duvessa with a -2 spear.
Duvessa hits you with a +0 short sword.
* * * LOW HITPOINT WARNING * * *
Casting: Blink (safe; 12% risk of failure)
Confirm with . or Enter, or press ? or * to list all spells.
You blink.
Your cerulean imp closely misses Duvessa.
As you read the scroll labelled NOINLU UGOETO, it crumbles to dust.
You hear a loud clanging noise!
It was a scroll of noise.
You hear a shout!
You hear an angry hiss.
Duvessa hits you with a +0 short sword!
You die...

......... .......##
........## .........###
...........##############
..)............§........##
...≈≈≈...................##
...≈∩≈........5.e.........##
...≈≈...........@..........#
.....................##....#
.....................###..<#
.......#.............# #..##
.....#####...........###..#
....####..............##..#
....###................#..#
...##..................#..#
...#......................#


You could see Duvessa (berserk, ally target) and a friendly cerulean imp
(summoned).

Vanquished Creatures
  An ogre (D:4)
  A kobold brigand (D:3)
  A howler monkey (D:5)
  2 hounds
  An orc priest (D:5)
  A sleepcap (D:3)
  A gnoll (D:3)
  3 adders
  An ufetubus (D:4)
  A worm (D:2)
  3 orcs
  2 ball pythons
  2 endoplasms
  A giant cockroach (D:1)
  5 goblins
  9 hobgoblins
  8 kobolds
  2 quokkas
  3 training dummies (D:5)
  3 bats
  3 rats
54 creatures vanquished.

Vanquished Creatures (collateral kills)
  2 sleepcaps
  3 gnolls (D:3)
  2 orcs
  An endoplasm (D:2)
  A goblin (D:4)
  2 hobgoblins
  5 kobolds (D:3)
  A bat (D:1)
  A rat (D:2)
18 creatures vanquished.

Vanquished Creatures (others)
  Dowan (D:5)
1 creature vanquished.

Grand Total: 73 creatures vanquished

Notes
Turn   | Place    | Note
-------+----------+-------------------------------------------
     0 | D:1      | promet the Deep Elf Hedge Wizard began the quest for the
                  | Orb.
     0 | D:1      | Reached XP level 1. HP: 10/10 MP: 7/7
   725 | D:1      | Reached XP level 2. HP: 16/16 MP: 4/9
   729 | D:1      | Learned a level 2 spell: Blink
   732 | D:1      | Learned a level 2 spell: Call Imp
   734 | D:1      | Learned a level 1 spell: Slow
  1276 | D:1      | Reached skill level 5 in Spellcasting
  2058 | D:2      | Reached XP level 3. HP: 20/20 MP: 6/11
  2629 | D:2      | Reached skill level 1 in Fighting
  3301 | D:3      | Reached XP level 4. HP: 25/25 MP: 6/13
  3322 | D:3      | Noticed a kobold brigand
  3829 | D:3      | Killed a kobold brigand
  3830 | D:3      | Reached skill level 1 in Armour
  3830 | D:3      | Reached XP level 5. HP: 12/28 MP: 9/15
  4101 | D:3      | Found a glowing golden altar of the Shining One.
  4115 | D:3      | Found a shadowy altar of Dithmenos.
  4120 | D:3      | Became a worshipper of Dithmenos the Shadowed
  4152 | D:3      | Found a faded altar of an unknown god.
  4806 | D:3      | Reached skill level 6 in Spellcasting
  5672 | D:4      | Noticed an ogre
  5700 | D:4      | Killed an ogre
  5701 | D:4      | Reached skill level 1 in Long Blades
  5701 | D:4      | Reached XP level 6. HP: 35/35 MP: 11/17
  5767 | D:4      | Found Otus's Antique Armour Emporium.
  5956 | D:4      | Found Ide Edum's Distillery.
  5966 | D:4      | Bought a potion of heal wounds for 55 gold pieces
  6018 | D:4      | Found a transporter.
  6022 | D:4      | Found a transporter.
  6022 | D:4      | Noticed TrollFarmer's ghost (amateur GrEE)
  6023 | D:4      | Found an iron altar of Okawaru.
  6293 | D:5      | Entered Level 5 of the Dungeon
  6451 | D:5      | Found Urofashroph's Antique Armour Emporium.
  6475 | D:5      | Noticed Dowan
  6716 | D:5      | Noticed Duvessa
  7001 | D:5      | Found Nugrula's Firing Range.
  7056 | D:5      | Bought a +0 longbow for 84 gold pieces
  7223 | D:5      | Killed Dowan
  7224 | D:5      | Reached XP level 7. HP: 32/40 MP: 15/18
  7243 | D:5      | HP: 1/40 [Duvessa/+0 short sword (6)]
  7245 | D:5      | Mangled by Duvessa

Illustrated notes

Levels and vault maps discovered:
D:1:      shiori_shiawase, layout_loops_cross, minmay_misc_feat_secret_circle,
          amethyst_killhole
D:2:      layout_basic, serial_forest, infiniplex_forest_lined_2,
          infiniplex_forest_clump_C, infiniplex_forest_clump_tiny,
          infiniplex_forest_end_1, infiniplex_forest_end_2
D:3:      cheibrodos_thug_alley, layout_loops_ring,
          amethyst_overflow_temple_binary, basic_ecumenical_altar,
          hellmonk_no_cap
D:4:      layout_rooms, mainiacjoe_overflow_alcove_1, gammafunk_ghost_arena,
          serial_shops, nicolae_shop_peninsula, shop, kennysheep_cluttered_room
D:5:      layout_layer_cave, serial_shops, nicolae_shop_tiny_waterfront,
          columned_hall_lemuel, nicolae_shop_firing_range, uniq_menkaure,
          uniq_duvessa

Skill      XL: |  1  2  3  4  5  6 |
---------------+-------------------+-----
Spellcasting   | 5 6 |  6.6
Fighting       | 1 2 |  2.6
Armour         | 1 |  1.8
Summonings     | 2 3 |  3.1
Long Blades    | 1 |  1.6
Dodging        | 3 |  3.1
Polearms       | |  0.2
Ranged Weapons | |  0.4
Throwing       | |  0.4
Stealth        | |  2.8
Conjurations   | |  1.9
Hexes          | |  0.7
Translocations | |  1.2

Action                     |  1- 3 |  4- 6 |  7- 9 || total
---------------------------+-------+-------+-------++-------
  Melee: Quarterstaff      |     3 |       |       ||     3
         Falchion          |    22 |    57 |       ||    79
         Spear             |       |    20 |     1 ||    21
         Punch             |       |     1 |       ||     1
   Fire: Longbow           |       |    10 |       ||    10
         Sling             |       |     1 |       ||     1
  Throw: Dart              |       |     4 |       ||     4
   Cast: Magic Dart        |    57 |    32 |       ||    89
         Call Imp          |     9 |    23 |     2 ||    34
         Slow              |     1 |    10 |     1 ||    12
         Blink             |       |     1 |     1 ||     2
  Evoke: Wand              |       |     2 |       ||     2
    Use: Scroll            |     3 |     6 |     1 ||    10
   Stab: Sleeping          |     1 |       |       ||     1
         Distracted        |       |     1 |       ||     1
 Armour: Robe              |     2 |       |       ||     2
         Leather armour    |    12 |    34 |       ||    46
  Dodge: Dodged            |    33 |    55 |     1 ||    89

Table legend: (Time is in decaauts)
 A = Elapsed time spent in this place.
 B = Non-inter-level travel time spent in this place.
 C = Inter-level travel time spent in this place.
 D = Time resting spent in this place.
 E = Time spent auto-exploring this place.
 F = Levels seen in this place.
 G = Mean time per level.
                   A        B        C        D        E       F      G
               +--------+--------+--------+--------+--------+-----+--------+
         Total |   7288 |   7136 |    152 |   2987 |   1229 |   5 | 1457.6 |
       Dungeon |   7288 |   7136 |    152 |   2987 |   1229 |   5 | 1457.6 |
               +--------+--------+--------+--------+--------+-----+--------+

Top non-repeatable levels by time:
     D:3: 2226 daAuts
     D:1: 1816 daAuts
     D:2: 1433 daAuts
     D:4: 1027 daAuts
     D:5: 785 daAuts
